 Dungeon Sprint DCSS version 0.23.2-40-g277498a (webtiles) character file.

Game seed: 14019538168033012464

1782 silentkaos13 the Thaumaturge (level 9, -3/64 HPs)
             Began as a Gargoyle Earth Elementalist on Oct 12, 2019.
             Was an Elder of Sif Muna.
             Slain by a deep troll (14 damage)
             ... in the Dungeon (Sprint I: "Red Sonja").
             The game lasted 00:05:01 (915 turns).

silentkaos13 the Thaumaturge (GrEE)                  Turns: 915, Time: 00:05:01

Health: -3/64      AC: 12    Str: 12    XL:     9   Next: 8%
Magic:  26/27      EV: 11    Int: 19    God:    Sif Muna [****..]
Gold:   278        SH:  0    Dex: 10    Spells: 23/36 levels left

rFire    . . .     SeeInvis +   o - +0 scythe
rCold    . . .     Gourm    .   (shield currently unavailable)
rNeg     + . .     Faith    .   a - +0 leather armour
rPois    ∞         Spirit   .   n - +2 helmet {SInv}
rElec    +         Reflect  .   (no cloak)
rCorr    .         Harm     .   (no gloves)
MR       .....     NoTele   +   (no boots)
Stlth    ++........             (no amulet)
HPRegen  0.20/turn              (no ring)
MPRegen  0.20/turn              (no ring)

@: no status effects
A: negative energy resistance 1, electricity resistance, unbreathing,
petrification resistance, rot immunity, AC +6
a: Divine Energy, Channel Magic, Forget Spell, Renounce Religion


You were in the Dungeon.
You worshipped Sif Muna.
Sif Muna was greatly pleased with you.
You were very hungry.

You visited 1 branch You collected 536 gold pieces.
You spent 258 gold pieces at shops.

Inventory:

Hand Weapons
 l - a +0 blowgun
 o - a +0 scythe (weapon)
Missiles
 b - 14 stones (quivered)
 m - 7 curare-tipped needles
Armour
 a - a +0 leather armour (worn)
 c - a +0 robe
 n - a +2 helmet of see invisible (worn)
Wands
 i - a wand of digging (6)
 k - a wand of iceblast (5)
Scrolls
 j - a scroll of blinking
Potions
 e - a potion of curing
 f - a potion of heal wounds
 g - a potion of haste
 h - a potion of magic
Comestibles
 d - a ration


   Skills:
 - Level 11.5 Fighting
 - Level 1.5 Dodging
 - Level 2.1 Stealth
 + Level 14.0 Spellcasting
 - Level 0.7 Transmutations
 - Level 7.8 Earth Magic


You had 23 spell levels left.
You knew the following spells:

 Your Spells              Type           Power        Failure   Level  Hunger
a - Sandblast             Erth           #####.       1%          1    None
b - Stone Arrow           Conj/Erth      ####..       3%          3    None
c - Lee's Rapid Deconstr  Erth           #####.....   7%          5    ####...
d - Petrify               Tmut/Erth      ####....     11%         4    None

Your spell library contained the following spells:

 Spells                   Type           Power        Failure   Level  Hunger
 Passwall                 Tmut/Erth      ####....     1%          2    None


Dungeon Overview and Level Annotations

Branches:
Dungeon (1/1)

Altars:
Cheibriados
Dithmenos
Elyvilon
Fedhas
Gozag
Hepliaklqana
Kikubaaqudgha
Makhleb
Nemelex Xobeh
Okawaru
Qazlal
Ru
Sif Muna
Trog
Uskayaw
Vehumet
Wu Jian
Xom
Yredelemnul
Zin
The Shining One
Jiyva
Lugonu

Shops:
D [=


Innate Abilities, Weirdness & Mutations

You are resistant to torment.
Your stone body is resilient. (AC +6)
You are immune to poison.
You resist negative energy. (rN+)
You are resistant to electric shocks. (rElec)
You can survive without breathing.
You are immune to petrification.
You are immune to rotting.


Message History

The deep troll is moderately wounded.
The deep troll stops moving altogether!
There is an open door here.
You see here a +0 giant spiked club.
The helpless deep troll fails to defend itself.
You hit the deep troll.
The deep troll is moderately wounded.
The helpless deep troll fails to defend itself.
You hit the deep troll but do no damage.
The deep troll is moderately wounded.
The helpless deep troll fails to defend itself.
You slash the deep troll!
The deep troll is moderately wounded.
The deep troll is no longer petrified.
The deep troll bites you but does no damage.
The deep troll claws you! The deep troll claws you. The deep troll bites you!
* * * LOW HITPOINT WARNING * * *
The deep troll claws you but does no damage.
The deep troll claws you!
You die...

#######################
#<.#..@T.#..'..#__#..).
#..'..#..'[.#..'^.'..#.
#..#####'#####'#__####.
#..####..#...#.#### #
#..#__####.)##(#
#..#_____##'#_.+
#⌠⌠#_.∩...'..._#
####_..__##_.#'#
#_____###'#.#


You could see a deep troll.

Vanquished Creatures
  Sonja (D)
  2 kobold demonologists (D)
  A slime creature (D)
  Sigmund (D)
  A yak (D)
  A floating eye (D)
  An ogre (D)
  A jelly (D)
  Ijyb (D)
10 creatures vanquished.

Notes
Turn   | Place    | Note
-------+----------+-------------------------------------------
     0 | D        | silentkaos13 the Gargoyle Earth Elementalist began the
                  | quest for the Orb.
     0 | D        | Reached XP level 1. HP: 10/10 MP: 3/3
     1 | D        | Noticed Ijyb
    15 | D        | Killed Ijyb
    15 | D        | Reached XP level 2. HP: 15/15 MP: 5/5
    15 | D        | Reached XP level 3. HP: 19/19 MP: 6/6
    63 | D        | Learned a level 3 spell: Stone Arrow
    64 | D        | Noticed an ogre
    67 | D        | Killed an ogre
    67 | D        | Reached XP level 4. HP: 34/34 MP: 1/7
   127 | D        | Noticed Sigmund
   129 | D        | Killed Sigmund
   129 | D        | Reached XP level 5. HP: 42/44 MP: 3/8
   129 | D        | Reached XP level 6. HP: 47/49 MP: 3/9
   189 | D        | Learned a level 5 spell: Lee's Rapid Deconstruction
   203 | D        | Found an ornate altar of the Wu Jian Council.
   203 | D        | Found a deep blue altar of Sif Muna.
   205 | D        | Found a radiant altar of Vehumet.
   208 | D        | Reached skill level 3 in Spellcasting
   331 | D        | Found Buofeuzu's Jewellery Emporium.
   331 | D        | Found an ancient bone altar of Kikubaaqudgha.
   331 | D        | Found a hazy altar of Hepliaklqana.
   331 | D        | Found a stormy altar of Qazlal.
   331 | D        | Found a hide-covered altar of Uskayaw.
   331 | D        | Found a blossoming altar of Fedhas.
   331 | D        | Found a bloodstained altar of Trog.
   331 | D        | Found an iron altar of Okawaru.
   331 | D        | Found a basalt altar of Yredelemnul.
   331 | D        | Found a glowing golden altar of the Shining One.
   331 | D        | Found a snail-covered altar of Cheibriados.
   331 | D        | Found a sacrificial altar of Ru.
   331 | D        | Found a glowing silver altar of Zin.
   331 | D        | Found a shadowy altar of Dithmenos.
   331 | D        | Found a white marble altar of Elyvilon.
   331 | D        | Noticed a yak
   335 | D        | Killed a yak
   335 | D        | Reached skill level 7 in Spellcasting
   419 | D        | Found an opulent altar of Gozag.
   420 | D        | Found a sparkling altar of Nemelex Xobeh.
   437 | D        | Became a worshipper of Sif Muna the Loreminder
   443 | D        | Found a burning altar of Makhleb.
   443 | D        | Found a viscous altar of Jiyva.
   443 | D        | Found a shimmering altar of Xom.
   443 | D        | Found a corrupted altar of Lugonu.
   443 | D        | Noticed a slime creature
   447 | D        | Killed a slime creature
   447 | D        | Reached * piety under Sif Muna
   447 | D        | Reached skill level 9 in Spellcasting
   447 | D        | Reached XP level 7. HP: 49/54 MP: 12/19
   481 | D        | Noticed a kobold demonologist
   481 | D        | Noticed a kobold demonologist
   482 | D        | Reached skill level 10 in Spellcasting
   485 | D        | Killed a kobold demonologist
   485 | D        | Reached ** piety under Sif Muna
   485 | D        | Reached skill level 11 in Spellcasting
   485 | D        | Reached XP level 8. HP: 60/60 MP: 10/23
   489 | D        | Killed a kobold demonologist
   489 | D        | Reached *** piety under Sif Muna
   489 | D        | Reached skill level 12 in Spellcasting
   615 | D        | Learned a level 4 spell: Petrify
   615 | D        | Noticed Sonja
   626 | D        | Killed Sonja
   626 | D        | Reached **** piety under Sif Muna
   626 | D        | Reached skill level 14 in Spellcasting
   626 | D        | Reached XP level 9. HP: 26/64 MP: 8/27
   835 | D        | Found Idoirong's Armour Boutique.
   855 | D        | Bought a +2 helmet of see invisible for 258 gold pieces
   874 | D        | Noticed a deep troll
   915 | D        | Slain by a deep troll

Skill      XL: |  1  2  3  4  5  6  7  8 |
---------------+-------------------------+-----
Earth Magic    | 7 |  7.8
Fighting       | 7 11 | 11.5
Spellcasting   | 9 11 14 | 14.0
Dodging        | |  1.5
Stealth        | |  2.1
Transmutations | |  0.7

Action                   |  1- 3 |  4- 6 |  7- 9 || total
-------------------------+-------+-------+-------++-------
Melee: Unarmed           |    12 |       |     2 ||    14
       Scythe            |       |       |     4 ||     4
 Fire: Blowgun           |       |       |     1 ||     1
 Cast: Sandblast         |     1 |     7 |     8 ||    16
       Stone Arrow       |     1 |     6 |     6 ||    13
       Lee's Rapid Decon |       |       |     2 ||     2
       Petrify           |       |       |     6 ||     6
  Use: Potion            |     1 |       |     1 ||     2
 Stab: Petrified         |       |       |     3 ||     3
Armor: Robe              |     3 |       |       ||     3
       Leather armour    |       |     1 |     5 ||     6
Dodge: Dodged            |     5 |     2 |    11 ||    18
